 Dungeon Crawl Stone Soup version 0.30-a0-691-g754fce4c43 (webtiles) character file.

Game seed: 645805144186674536

805 IdlyInterested the Cudgeller (level 7, -2/56 HPs)
             Began as a Demonspawn Gladiator on Jan 19, 2023.
             Slain by an ogre
             ... wielding a +0 giant club
              (14 damage)
             ... on level 5 of the Dungeon.
             The game lasted 00:12:12 (4368 turns).

IdlyInterested the Cudgeller (Demonspawn Gladiator) Turns: 4368, Time: 00:12:13

Health: -2/56      AC: 21    Str: 16    XL:     7   Next: 60%
Magic:  7/7        EV:  5    Int: 10    God:
Gold:   195        SH:  8    Dex: 14    Spells: 6/6 levels left

rFire   + . .      SeeInvis .    x - +4 flail
rCold   . . .      Faith    .    n - +0 buckler
rNeg    . . .      Spirit   .    v - +0 plate armour
rPois   .          Reflect  .    (helmet restricted)
rElec   .          Harm     .    d - +0 cloak
rCorr   .          Rampage  .    h - +2 pair of gloves
Will    .....                    (no boots) Stlth
                                 (no amulet)
HPRegen 0.29/turn                f - ring of protection from fire
MPRegen 0.10/turn                u - +4 ring of protection

@: on berserk cooldown, slowed, very slow
A: horns 1, rugged brown scales 1, condensation shield
a: no special abilities


You were on level 5 of the Dungeon.
You visited 1 branch of the dungeon, and saw 5 of its levels.

You collected 195 gold pieces.

Inventory:

Hand Weapons
 a - a +1 flail of draining
 r - a +1 flail of protection
 x - a +4 flail (weapon)
Missiles
 g - 3 boomerangs
 k - 3 throwing nets
 m - 54 stones (quivered)
 t - 2 silver boomerangs
Armour
 d - a +0 cloak (worn)
 h - a +2 pair of gloves (worn)
 n - a +0 buckler (worn)
 v - a +0 plate armour (worn)
 y - a +0 kite shield
Magical Staves
 q - a staff of air
Jewellery
 f - a ring of protection from fire (left hand)
 j - a ring of flight
 u - a +4 ring of protection (right hand)
Wands
 e - a wand of light (8)
Scrolls
 l - 2 scrolls of fog
 w - a scroll of amnesia
Potions
 c - a potion of cancellation
 i - a potion of heal wounds
 o - a potion of lignification
 p - a potion of curing
 s - a potion of resistance


   Skills:
 + Level 4.5 Fighting
 - Level 4.9 Maces & Flails
 - Level 1.7 Throwing
 - Level 4.0 Armour
 - Level 4.0 Dodging
 * Level 1.2 Shields


You had 6 spell levels left.
You didn't know any spells.
Your spell library contained the following spells:

 Spells                   Type           Power      Damage    Failure   Level
 Apportation              Tloc           0%         N/A       100%        1
 Freeze                   Ice            0%         1d3       100%        1
 Necrotise                Necr           0%         1d4       100%        1
 Summon Small Mammal      Summ           0%         N/A       100%        1
 Blink                    Tloc           0%         N/A       100%        2
 Lesser Beckoning         Tloc           0%         N/A       100%        2
 Momentum Strike          Conj/Tloc      0%         3d8       100%        2
 Frozen Ramparts          Ice            0%         1d1       100%        3
 Hailstorm                Conj/Ice       0%         3d3       100%        3


Dungeon Overview and Level Annotations

Branches:
Dungeon (5/15)
 Temple: D:4-7

Altars:
Hepliaklqana
Uskayaw


Innate Abilities, Weirdness & Mutations

You have a pair of small horns on your head.
You are partially covered in rugged brown scales. (AC +1, +3% HP)
A meltable shield of frost defends you. (SH +4)


Message History

You feel yourself slow down.
The centaur hits you but does no damage.
The centaur kicks you but does no damage.
The hound bites you but does no damage.
You feel much better. The centaur hits you.
The centaur kicks you but does no damage.
The hound bites you but does no damage.
The centaur hits you but does no damage.
The centaur barely misses you. The hound bites you. The orc barely misses you.
The centaur hits you but does no damage.
The centaur kicks you but does no damage.
You sock the centaur!
The centaur is almost dead.
The hound bites you but does no damage. You block the centaur's attack.
The centaur kicks you but does no damage.
The hound bites you but does no damage. You block the ogre's attack.
The orc barely misses you.
The centaur hits you but does no damage.
The centaur kicks you but does no damage.
The hound bites you but does no damage. The orc hits you but does no damage.
You hit the centaur.
You kill the centaur!
The hound barely misses you. The ogre hits you with a +0 giant club!
The hound bites you but does no damage. The orc hits you but does no damage.
The hound bites you but does no damage. The orc hits you but does no damage.
The black bear bites you.
* * * LOW HITPOINT WARNING * * *
The black bear claws you but does no damage. x2
The ogre hits you with a +0 giant club.
* * * LOW HITPOINT WARNING * * *
Your Shields skill increases to level 1!
You hit the ogre. You headbutt the ogre.
The ogre is lightly wounded.
The hound bites you but does no damage. x2
The black bear bites you but does no damage.
The black bear claws you.
* * * LOW HITPOINT WARNING * * *
You block the black bear's attack. The orc barely misses you.
The ogre hits you with a +0 giant club!
You die...

#. #...#... #.
.#...#... #...
....... #.#...#...#
#######.O#h..#...
##........o#...#
#..[....o.#...# ..
........O#h..#...#
........o@.........
##....h/...##.###
#....####....#
##......##?..#
#..§§§..##....
#.#§§§§§# ....
####§§§## #...
#§§§# .. #§§§#


You could see a black bear, an ogre, a hound and 2 orcs.

Vanquished Creatures
  2 ogres (D:5)
  2 centaurs (D:5)
  A necrophage (D:4)
  A gnoll sergeant (D:5)
  A howler monkey (D:5)
  A gnoll bouda (D:4)
  An orc priest (D:3)
  A hound (D:5)
  Crazy Yiuf (D:2)
  An orc wizard (D:3)
  Robin (D:2)
  7 gnolls
  2 adders
  A worm (D:3)
  2 dart slugs
  5 orcs
  4 ball pythons
  3 bats
  3 endoplasms (D:1)
  4 giant cockroaches
  15 goblins
  12 hobgoblins
  5 jackals
  3 kobolds
  2 quokkas (D:2)
  2 frilled lizards
  3 rats
86 creatures vanquished.

Vanquished Creatures (others)
  A demonic plant (D:2)
1 creature vanquished.

Grand Total: 87 creatures vanquished

Notes
Turn   | Place    | Note
-------+----------+-------------------------------------------
     0 | D:1      | IdlyInterested the Demonspawn Gladiator began the quest for
                  | the Orb.
     0 | D:1      | Reached XP level 1. HP: 16/16 MP: 1/1
   262 | D:1      | Gained mutation: You have a pair of small horns on your
                  | head. [demonic ancestry]
   262 | D:1      | Reached XP level 2. HP: 23/23 MP: 2/2
   674 | D:1      | Reached skill level 1 in Armour
  1294 | D:2      | Noticed Robin
  1298 | D:2      | Reached XP level 3. HP: 28/28 MP: 3/3
  1331 | D:2      | Killed Robin
  1577 | D:2      | Found a runed translucent door.
  1578 | D:2      | Noticed Crazy Yiuf
  1988 | D:2      | Found a faded altar of an unknown god.
  1988 | D:2      | Noticed a Tzitzimitl
  2223 | D:2      | Killed Crazy Yiuf
  2224 | D:2      | Reached XP level 4. HP: 17/35 MP: 4/4
  2668 | D:3      | Gained mutation: You are partially covered in rugged brown
                  | scales. (AC +1, +3% HP) [demonic ancestry]
  2668 | D:3      | Reached XP level 5. HP: 8/42 MP: 5/5
  3408 | D:4      | Reached XP level 6. HP: 9/48 MP: 6/6
  4108 | D:5      | Entered Level 5 of the Dungeon
  4251 | D:5      | Found a hide-covered altar of Uskayaw.
  4288 | D:5      | Found a hazy altar of Hepliaklqana.
  4293 | D:5      | Gained mutation: A meltable shield of frost defends you.
                  | (SH +4) [demonic ancestry]
  4293 | D:5      | Reached XP level 7. HP: 43/53 MP: 7/7
  4293 | D:5      | Found a faded altar of an unknown god.
  4368 | D:5      | Reached skill level 1 in Shields
  4368 | D:5      | Slain by an ogre

Illustrated notes

Levels and vault maps discovered:
D:1:      minmay_arrival_glassed_features, layout_basic, serial_bayou_crossing
D:2:      layout_loops_ring, dreamdust_ecumenical_altar_sealed_demon,
          uniq_robin, uniq_crazy_yiuf_cottage
D:3:      layout_loops_ring, minmay_crystal_water
D:4:      layout_cave_pools
D:5:      cheibrodos_fzero, layout_layer_cave, old_standard_altar,
          mainiacjoe_overflow_small_starburst,
          beargit_hepliaklqana_dungeon_heroes, minmay_tree_intersection

Skill      XL: |  1  2  3  4  5  6  7 |
---------------+----------------------+-----
Dodging        | 3 4 |  4.0
Armour         | 1 2 3 4 |  4.0
Fighting       | 3 4 |  4.5
Maces & Flails | 3 4 |  4.9
Shields        | 1 |  1.2
Throwing       | |  1.7

Action                   |  1- 3 |  4- 6 |  7- 9 || total
-------------------------+-------+-------+-------++-------
Melee: Flail             |    96 |   137 |    19 ||   252
       Headbutt          |     9 |    22 |     3 ||    34
Throw: Throwing net      |     3 |       |       ||     3
       Javelin           |       |     1 |       ||     1
       Stone             |       |     1 |       ||     1
       Boomerang         |       |     4 |       ||     4
  Use: Potion            |     4 |     3 |     2 ||     9
       Scroll            |     2 |     7 |     1 ||    10
Armor: Leather armour    |    52 |    33 |       ||    85
       Plate armour      |       |    15 |    63 ||    78
Dodge: Dodged            |    74 |    81 |    21 ||   176
Block: Buckler           |     3 |    23 |    25 ||    51

Table legend: (Time is in decaauts)
 A = Elapsed time spent in this place.
 B = Non-inter-level travel time spent in this place.
 C = Inter-level travel time spent in this place.
 D = Time resting spent in this place.
 E = Time spent auto-exploring this place.
 F = Levels seen in this place.
 G = Mean time per level.
                   A        B        C        D        E       F      G
               +--------+--------+--------+--------+--------+-----+--------+
         Total |   4445 |   3786 |    659 |    441 |   2340 |   5 |  889.0 |
       Dungeon |   4445 |   3786 |    659 |    441 |   2340 |   5 |  889.0 |
               +--------+--------+--------+--------+--------+-----+--------+

Top non-repeatable levels by time:
     D:1: 1271 daAuts
     D:2: 1261 daAuts
     D:3: 931 daAuts
     D:4: 791 daAuts
     D:5: 188 daAuts
